 Dungeon Crawl Stone Soup version 0.30-a0-341-g682706514a (webtiles) character file.

Game seed: 14428446981322561060

770 MrRokkomies the Sneak (level 7, 0/96 HPs)
             Began as an Armataur Brigand on Nov 1, 2022.
             Was a Follower of Uskayaw.
             Succumbed to a water moccasin's poison
             ... on level 5 of the Dungeon.
             The game lasted 00:08:27 (4255 turns).

MrRokkomies the Sneak (Armataur Brigand)            Turns: 4255, Time: 00:08:28

Health: 0/96       AC: 23    Str: 17    XL:     7   Next: 52%
Magic:  8/8        EV:  1    Int: 11    God:    Uskayaw [*.....]
Gold:   181        SH:  0    Dex: 13    Spells: 6/6 levels left

rFire   . . .      SeeInvis .    a - +3 dagger
rCold   . . .      Faith    .    (no shield)
rNeg    . . .      Spirit   .    (body armour currently unavailable)
rPois   +          Reflect  .    (helmet currently unavailable)
rElec   .          Harm     .    (cloak currently unavailable)
rCorr   .          Roll     +    (gloves currently unavailable)
Will    .....      NoTele   +    (no barding)
Stlth   +++.......               (no amulet)
HPRegen 0.36/turn                (no ring)
MPRegen 0.11/turn                (no ring)

@: lethally poisoned (0 -> -10), tree-form, invisible
A: stationary, stasis, torment immunity, boosted hp, large, rugged brown scales
3, (deformed body), (armoured tail), roll, long tongue, awkward tongue
a: Renounce Religion, Stomp


You were on level 5 of the Dungeon.
You worshipped Uskayaw.
Uskayaw was noncommittal.
You were a tree.
You visited 1 branch of the dungeon, and saw 5 of its levels.
You also visited: Sewer.

You collected 181 gold pieces.

Inventory:

Hand Weapons
 a - a +3 dagger (weapon)
Missiles
 d - 6 poisoned darts (quivered)
 e - a curare-tipped dart
Armour
 b - a +0 robe (melded)
 c - a +0 cloak
 n - a scarf of resistance (melded)
 v - a +0 pair of gloves (melded)
Jewellery
 l - an amulet of magic regeneration
 p - a ring of magical power
Wands
 h - a wand of flame (37)
 t - a wand of charming (9)
 u - a wand of polymorph (10)
Scrolls
 o - 2 scrolls of teleportation
 s - 3 scrolls of identify
Potions
 g - 3 potions of lignification
 i - a potion of haste
 k - 2 potions of brilliance
 m - a potion of magic
 q - a potion of mutation {unknown}
 r - 2 potions of invisibility
 w - a potion of degeneration {unknown}


   Skills:
 * Level 4.5 Fighting
 * Level 4.4 Short Blades
 - Level 1.7 Throwing
 + Level 2.3 Dodging
 + Level 5.9 Stealth
 + Level 2.3 Invocations


You had 6 spell levels left.
You didn't know any spells.
Your spell library contained the following spells:

 Spells                   Type           Power      Damage    Failure   Level
 Apportation              Tloc           0%         N/A       34%         1
 Magic Dart               Conj           0%         1d3       34%         1
 Necrotise                Necr           0%         1d4       34%         1
 Summon Small Mammal      Summ           0%         N/A       34%         1
 Searing Ray              Conj           0%         2d4       47%         2
 Fulminant Prism          Conj/Hex       0%         3d5       98%         4


Dungeon Overview and Level Annotations

Branches:
Dungeon (5/15)              Sewer (visited)
 Temple: D:4-7

Altars:
Ashenzari
Cheibriados
Makhleb
Nemelex Xobeh
Ru
Uskayaw
Vehumet

Shops:
D:3 *   D:4 [

Annotations:
D:3 2 transporters
D:4 exclusion: statue


Innate Abilities, Weirdness & Mutations

You are a tree.
Your roots penetrate the ground, keeping you stationary.
You cannot be teleported.
You are immune to unholy pain and torment.
Your maximum health is greatly increased.
Your equipment is partially melded.
(You are completely covered in rugged brown scales. (AC +3, +7% HP))
((Armour fits poorly on your strangely shaped body.))
((You have a long armoured tail.))
You roll when moving toward enemies. (Rampage)
Your long tongue fully drains potion bottles. (2x potion effects)
Your tongue gives you trouble enunciating. (1.5x scroll delay)


Message History

You are lethally poisoned!
The water moccasin poisons you! The scorpion stings you.
You can now pass through a line of other dancers.
As you slowly read the scroll of fear, it crumbles to dust.
You assume a fearsome visage.
The scorpion looks frightened!
The water moccasin resists with some effort.
* * * LOW HITPOINT WARNING * * *
You feel extremely sick. The water moccasin closely misses you.
The water moccasin bites you but does no damage.
You barely miss the water moccasin.
The water moccasin is moderately wounded.
* * * LOW HITPOINT WARNING * * *
You feel very sick. The water moccasin misses you.
You closely miss the water moccasin.
Your tail-slap misses the water moccasin.
The water moccasin is lightly wounded.
* * * LOW HITPOINT WARNING * * *
You feel very sick. The water moccasin barely misses you.
You slurp down every last drop of the 4 bubbling orange potions!
It was a potion of lignification.
You turn into a tree.
Your scarf of resistance melds into your body.
Your +0 pair of gloves melds into your body.
Your +0 robe melds into your body.
You feel hot and cold all over.
Your roots penetrate the ground.
* * * LOW HITPOINT WARNING * * *
You feel very sick.
The water moccasin bites you but does no damage.
You can no longer pass through a line of other dancers.
You slurp down every last drop of the 2 pink potions!
It was a potion of magic.
Magic courses through your body.
* * * LOW HITPOINT WARNING * * *
You feel very sick.
The water moccasin bites you but does no damage. x2
You slurp down every last drop of the 3 golden potions!
It was a potion of invisibility.
You fade into invisibility!
You die...

#.##....# ##....#
#.....# #.####..#
#....<..#
#######.##
.........######
#######....S..###
####..7...#
##.....# #....?.#
###......s
#######


You could see a water moccasin (unable to see you) and a scorpion (unable to see
you, fleeing).

Vanquished Creatures
  Prince Ribbit (D:5)
  A phantom (D:4)
  2 scorpions
  2 hounds (D:5)
  A gnoll bouda (D:4)
  2 iguanas
  A hell rat (Sewer)
  6 gnolls (D:4)
  5 adders
  2 worms
  2 dart slugs
  4 orcs (D:4)
  8 ball pythons
  8 endoplasms
  6 giant cockroaches
  11 goblins
  8 hobgoblins
  5 jackals
  6 kobolds
  3 quokkas (D:4)
  6 bats
  8 frilled lizards
  9 rats
107 creatures vanquished.

Vanquished Creatures (others)
  10 plants (D:2)
10 creatures vanquished.

Grand Total: 117 creatures vanquished

Notes
Turn   | Place    | Note
-------+----------+-------------------------------------------
     0 | D:1      | MrRokkomies the Armataur Brigand began the quest for the
                  | Orb.
     0 | D:1      | Reached XP level 1. HP: 18/18 MP: 1/1
   230 | D:1      | Reached XP level 2. HP: 25/25 MP: 2/2
   469 | D:1      | Reached skill level 1 in Dodging
   601 | D:1      | Reached XP level 3. HP: 29/32 MP: 3/3
  1107 | D:2      | Reached XP level 4. HP: 36/39 MP: 4/4
  1264 | D:2      | Found a faded altar of an unknown god.
  1267 | D:2      | Prayed at the altar of an unknown god.
  1267 | D:2      | Became a worshipper of Uskayaw the Reveller
  1267 | D:2      | Reached * piety under Uskayaw
  1683 | D:3      | Noticed a water moccasin
  1683 | D:3      | Noticed a phantom
  1684 | D:3      | Found a sparkling altar of Nemelex Xobeh.
  1696 | D:3      | Found Tuirchio's Assorted Antiques.
  2093 | D:3      | Found a transporter.
  2101 | D:3      | Found a transporter.
  2458 | D:4      | Found Wineneru's Armour Shop.
  2492 | D:4      | Found a radiant altar of Vehumet.
  2492 | D:4      | Noticed a charred statue
  2595 | D:4      | Found a sacrificial altar of Ru.
  2633 | D:4      | Reached skill level 5 in Stealth
  2634 | D:4      | Found a glowing drain.
  2649 | Sewer    | Entered a sewer
  2690 | Sewer    | Reached XP level 5. HP: 48/48 MP: 5/5
  2751 | D:4      | Noticed a phantom
  2752 | D:4      | Killed a phantom
  2752 | D:4      | Reached ** piety under Uskayaw
  2753 | D:4      | Reached skill level 1 in Invocations
  3017 | D:4      | Found a snail-covered altar of Cheibriados.
  3062 | D:4      | Found a broken altar of Ashenzari.
  3119 | D:4      | Reached XP level 6. HP: 54/54 MP: 6/6
  3126 | D:4      | Reached *** piety under Uskayaw
  3425 | D:4      | Found a burning altar of Makhleb.
  3954 | D:5      | Entered Level 5 of the Dungeon
  4003 | D:5      | Reached XP level 7. HP: 63/63 MP: 8/8
  4005 | D:5      | Noticed Prince Ribbit
  4037 | D:5      | Killed Prince Ribbit
  4254 | D:5      | HP: 3/96 [poisoned by a water moccasin]
  4255 | D:5      | Succumbed to a water moccasin's poison

Illustrated notes

Levels and vault maps discovered:
D:1:      minmay_arrival_open_corners, layout_loops_ring, minivault_11,
          dk_noncrumbling_3
D:2:      layout_basic, shapermc_ecumenical_altar_hornbeckon,
          minmay_misc_feat_enclosed, hangedman_decor_points, serial_bayou_lake_a
D:3:      layout_loops_corners, gammafunk_temple_overflow_arena, serial_shops,
          nicolae_lakefront_shop, minmay_misc_feat_doors, serial_bayou_pond_c
D:4:      layout_basic, vehumet_statue, mainiacjoe_overflow_24_doors,
          nicolae_ashenzari_skybound, mainiacjoe_overflow_cross_hatched,
          lightli_temple_of_fire, serial_shops, shop, portal_sewer_entry_d
D:5:      minmay_opposing_rooms, layout_basic, temple_green, serial_shops,
          nicolae_diamond_shop, minivault_26, kennysheep_generic_room_9,
          uniq_prince_ribbit1

Skill      XL: |  1  2  3  4  5  6  7 |
---------------+----------------------+-----
Fighting       | 2 3 4 |  4.5
Short Blades   | 2 3 4 |  4.4
Dodging        | 1 2 |  2.3
Stealth        | 5 |  5.9
Invocations    | 1 2 |  2.3
Throwing       | |  1.7

Action                   |  1- 3 |  4- 6 |  7- 9 || total
-------------------------+-------+-------+-------++-------
Melee: Dagger            |   112 |   171 |    19 ||   302
       Punch             |     1 |     2 |     1 ||     4
       Tailslap          |     2 |    24 |     4 ||    30
Throw: Dart              |       |    23 |     6 ||    29
Evoke: Wand              |       |       |     3 ||     3
  Use: Scroll            |       |    12 |     1 ||    13
       Potion            |       |     1 |     4 ||     5
 Stab: Sleeping          |    16 |    18 |     1 ||    35
Armor: Robe              |    25 |    32 |     6 ||    63
       Skin              |       |       |     3 ||     3
Dodge: Dodged            |    38 |    64 |    11 ||   113

Table legend: (Time is in decaauts)
 A = Elapsed time spent in this place.
 B = Non-inter-level travel time spent in this place.
 C = Inter-level travel time spent in this place.
 D = Time resting spent in this place.
 E = Time spent auto-exploring this place.
 F = Levels seen in this place.
 G = Mean time per level.
                   A        B        C        D        E       F      G
               +--------+--------+--------+--------+--------+-----+--------+
         Total |   4279 |   4202 |     77 |    274 |   3112 |   6 |  713.2 |
       Dungeon |   4190 |   4113 |     77 |    274 |   3081 |   5 |  838.0 |
         Sewer |     89 |     89 |      0 |      0 |     30 |   1 |   89.0 |
               +--------+--------+--------+--------+--------+-----+--------+

Top non-repeatable levels by time:
     D:4: 1405 daAuts
     D:1: 861 daAuts
     D:3: 842 daAuts
     D:2: 784 daAuts
     D:5: 296 daAuts
   Sewer: 89 daAuts
